 Dungeon Crawl Stone Soup version 0.32-a0-17-gb74e046682 (webtiles) character file.

Game seed: 7688954583354132753

392598 Xavori the Spry (level 24, -9/196 (212) HPs)
             Began as a Djinni Chaos Knight on Jan 15, 2024.
             Was a Favourite Plaything of Xom.
             Killed from afar by a shadow dragon (54 damage)
             ... with a bolt of negative energy
             ... on level 5 of the Vaults.
             The game lasted 01:23:37 (49603 turns).

Xavori the Spry (Djinni Chaos Knight)              Turns: 49603, Time: 01:23:38

HP:   -9/196 (212)  AC: 21    Str: 11    XL:     24   Next: 22%
Gold: 3493          EV: 34    Int: 20    God:    Xom [*.....] SH: 21 Dex: 34

rFire   + + .        f - +9 double sword (flame)
rCold   . . .        N - +0 kite shield {reflect}
rNeg    . . .        W - +5 moon troll leather armour {Spirit, Regen++ MP+5}
rPois   ∞            (helmet unavailable)
rElec   .            l - +0 cloak {Stlth+}
rCorr   .            X - +2 pair of gloves {Dex+3}
SInv    +            (boots unavailable)
Will    +++..        T - amulet of the Morning {Regen+ Stlth+}
Stlth   ++++++       D - +6 ring of dexterity
HPRegen 2.92/turn    b - ring of protection from cold
MPRegen 0.00/turn

%: reflection, clarity, guardian spirit, infuse magic (-10 HP)
@: flying, hasted, drained, invisible (expiring), very quick
A: sickness immunity, fire resistance 2, cold vulnerability 1, float, innate
caster, HP casting, extra vitality 1, horns 3, iridescent scales 3, large bone
plates 1, thin skeletal structure 1, camouflage 1, see invisible, agile 1,
clarity, clever 1, deformed body, strong-willed 1, passive freeze, sense
surroundings 2, robust 2, shaggy fur 1, wild magic 1, evolution 1, MP-powered
wands, sturdy frame 1, persistent drain
}: 2/15 runes: serpentine, barnacled
a: Renounce Religion


You were on level 5 of the Vaults.
You worshipped Xom.
You were a special plaything of Xom.
You visited 7 branches of the dungeon, and saw 38 of its levels.
You visited 1 bazaar.
You also visited: Gauntlet, Ice Cave and Wizlab.

You collected 6126 gold pieces.
You spent 2633 gold pieces at shops.

Inventory:

Hand Weapons
 f - a +9 double sword of flaming (weapon)
 U - a +6 double sword of protection
Missiles
 d - 3 throwing nets (quivered)
Armour
 a - the +1 buckler of a treasure trove {+Inv Str+3 Dex+3}
   (You bought it in a shop on level 2 of the Orcish Mines)

   Str+3:     It affects your strength (+3).
   Dex+3:     It affects your dexterity (+3).
   +Inv:      It lets you turn invisible.
 l - a +0 cloak of stealth (worn)
 N - a +0 kite shield of reflection (worn)
 O - the +0 hat of Cyoteq {Rampage rElec Will- Str+2}
   (You bought it in a shop in a bazaar)

   Str+2:     It affects your strength (+2).
   rElec:     It insulates you from electricity.
   Will-:     It decreases your willpower.
   Rampage:   It bestows one free step when moving towards enemies.
 W - the +5 moon troll leather armour (worn) {Spirit, Regen++ MP+5}
   (You took it off a moon troll in a wizard's laboratory)

   MP+5:      It affects your magic capacity (+5).
   Regen++:   It increases your rate of health regeneration.
 X - a +2 pair of gloves of dexterity (worn)
 Z - +0 ice dragon scales
Jewellery
 b - a ring of protection from cold (right hand)
 n - an amulet of faith
 D - a +6 ring of dexterity (left hand)
 H - a ring of resist corrosion
 K - a +4 ring of protection
 T - the amulet of the Morning (around neck) {Regen+ Stlth+}
   (You found it in a Gauntlet)

   [amulet of regeneration]

   Regen+:    It increases your rate of health regeneration.
   Stlth+:    It makes you more stealthy.
Wands
 e - a wand of digging (25)
 m - a wand of roots (16)
 p - a wand of paralysis (48)
 w - a wand of flame (122)
 y - a wand of light (22)
 F - a wand of polymorph (6)
 S - a wand of mindburst (6)
Scrolls
 c - 4 scrolls of butterflies
 h - 2 scrolls of silence
 o - 5 scrolls of enchant armour
 q - 20 scrolls of teleportation
 r - 4 scrolls of brand weapon
 t - 5 scrolls of identify
 u - 9 scrolls of blinking
 x - 7 scrolls of fear
 B - a scroll of immolation
 C - 3 scrolls of revelation
 L - 3 scrolls of poison
 Q - a scroll of fog
Potions
 g - 3 potions of cancellation
 j - 22 potions of curing
 k - 3 potions of haste
 s - 9 potions of mutation
 v - 9 potions of brilliance
 z - 3 potions of resistance
 A - 5 potions of might
 E - a potion of invisibility
 G - 8 potions of enlightenment
 I - 4 potions of berserk rage
 J - 6 potions of heal wounds
 M - 3 potions of ambrosia
 P - 6 potions of lignification
Miscellaneous
 i - a condenser vane (inert)
 R - a phial of floods
 V - a box of beasts
 Y - a sack of spiders


   Skills:
 + Level 16.8 Fighting
 + Level 15.5 Long Blades
 + Level 16.5 Armour
 + Level 18.0 Dodging
 + Level 12.8 Shields
 * Level 16.4 Spellcasting
 * Level 16.4 Conjurations
 * Level 16.4 Hexes
 * Level 16.4 Summonings
 * Level 16.4 Necromancy
 * Level 16.4 Translocations
 * Level 16.4 Fire Magic
 * Level 16.4 Ice Magic
 * Level 16.4 Air Magic
 * Level 16.4 Earth Magic
 * Level 16.4 Alchemy
 - Level 10.0 Evocations


You knew the following spells:

 Your Spells              Type           Power      Damage    Failure   Level
a - Summon Small Mammal   Summ           100%       N/A       1%          1
b - Jinxbite              Hex            100%       N/A       1%          2
c - Call Canine Familiar  Summ           82%        N/A       1%          3
d - Petrify               Alch/Erth      82%        N/A       1%          4
e - Irradiate             Conj/Alch      41%        3d25      1%          5
f - Yara's Violent Unrav  Hex/Alch       41%        3d16      1%          5
g - Dispersal             Tloc           41%        N/A       3%          6
h - Haunt                 Necr/Summ      41%        N/A       13%         7
i - Monstrous Menagerie   Summ           41%        N/A       13%         7
j - Infestation           Necr           41%        N/A       65%         8
k - Malign Gateway        Summ/Tloc      41%        N/A       13%         7
Your spell library was empty.

Dungeon Overview and Level Annotations

Branches:
Dungeon (15/15)            Temple (0/1) D:7            Lair (5/5) D:11
 Shoals (4/4) Lair:2        Snake (4/4) Lair:2        Slime (0/5) Lair:4
    Orc (2/2) D:10            Elf (3/3) Orc:2        Vaults (5/5) D:14
  Crypt (0/3) Vaults:2     Depths (0/4) D:15          IceCv (visited)
 WizLab (visited)         Gauntlet (visited)

Altars:
Cheibriados
Dithmenos
Gozag
Hepliaklqana
Makhleb
Nemelex Xobeh
Okawaru
Qazlal
Ru
Trog
Uskayaw
Wu Jian
Xom
Yredelemnul
Zin

Shops:
D:9 [   D:12 (   Orc:2 =(?*(   Elf:2 *   Shoals:2 !??[=   Snake:1 [:
Snake:3 =:=[   Vaults:3 ?(

Portals:
Pandemonium: Orc:2

Annotations:
D:9 3 runed translucent doors
D:11 1 runed translucent door, zenocrate's ghost, journeyman VSEn
D:14 Roxanne
Shoals:1 2 transporters, jejorda2's ghost, adept GnBe
Elf:2 1 runed translucent door


Innate Abilities, Weirdness & Mutations

You are immune to sickness and miasma.
You are immune to poison.
Your flesh is very heat resistant. (rF++)
You are vulnerable to cold. (rC-)
You float through the air rather than walking.
You learn spells naturally, not from books.
Your magical power is your life essence.
You have superior vitality. (+4 MHP)
You have a pair of large horns on your head.
You are completely covered in iridescent scales. (AC +6)
You are partially covered in large bone plates. (SH +4)
You have a somewhat thin skeletal structure. (Dex +2, Stealth+)
Your skin changes colour to match your surroundings (Stealth+).
You have supernaturally acute eyesight. (SInv)
You are agile. (Dex +4, Str/Int -1)
You possess an exceptional clarity of mind.
Your mind is acute. (Int +4, Str/Dex -1)
Armour fits poorly on your strangely shaped body.
You are strong-willed. (Will+)
A frigid envelope surrounds you and freezes all who hurt you.
You passively map the area around you.
You are very robust. (+20% HP)
You are covered in fur. (AC +1)
Your spells are a little harder to cast, but a little more powerful.
You have hidden genetic potential.
You expend health (3 HP) to strengthen your wands.
Your movements are slightly less encumbered by armour. (ER -2)
Your health recovers twice as slowly from being drained.


Message History

A vault guard comes into view. It is wielding a +2 dire flail.
The titan waves its arms in wide circles.
The air twists around and strikes you.
* * * LOW HITPOINT WARNING * * *
The shadow dragon bites you!
* * * LOW HITPOINT WARNING * * *
The shadow dragon resists.
The shadow dragon is very cold.
The shadow dragon is lightly wounded.
The shadow dragon completely misses you.
The shadow dragon barely misses you.
The vault guard moves out of view.
Xom titters.
The titan looks rather confused.
The brown very ugly thing looks rather confused.
The stone giant looks rather confused.
The wind drake looks rather confused.
The deep elf sorcerer looks rather confused.
The shadow dragon looks rather confused.
The vault warden looks rather confused.
The ironbound preserver looks rather confused.
The ogre mage looks rather confused.
The two-headed ogre looks rather confused.
The deep elf sorcerer hits the yaktaur captain with a +0 dagger.
The shadow dragon seems less confused.
The two-headed ogre hits something with a +0 giant spiked club!
The two-headed ogre hits something with a +0 giant club.
The vault warden hits itself with a +0 great mace!!
The deep elf sorcerer hits the vault warden but does no damage.
The stone giant hits the two-headed ogre!
Something kicks the stone giant!!
The stone giant is splashed with acid.
The acid corrodes the stone giant!
You hear a shout!
The deep elf sorcerer hits the ironbound preserver with a +0 dagger!
The ironbound preserver completely misses something.
The vault warden hits the yaktaur captain with a +0 great mace!!
Xom thinks this is hilarious!
The yaktaur captain shouts!
You flicker for a moment.
You feel a bit more experienced.
The shadow dragon breathes negative energy at you.
The bolt of negative energy hits you!!!
You feel drained.
You die...

#....###########*
* #..c......... ,
,, #...k........ ,
#............ , ,
#...D........ ,,,
,
#....############
#................,
#..#.............
#.@#####....# ,
#..# #.?..#* ,
#..# ,##....# *
#..# , *#....# *
#..# , ##....#
#..# , ....# #..#
, #.... #..# ,
....# #..# , , ,


You could see a shadow dragon (catching breath), a yaktaur captain (unable to
see you) and a wind drake (wandering, repels missiles, confused, unable to see
you).

Vanquished Creatures
  Frederick (Vaults:2)
  A dread lich (Vaults:5)
  Saint Roka (Vaults:2)
  Nikola (Vaults:3)
  Norris (Vaults:2)
  Rupert (D:14)
  A moon troll (WizLab)
  3 deep elf blademasters
  Mlioglotl (Shoals:4)
  Zenata (Vaults:1)
  9 tentacled starspawn (WizLab)
  2 titans
  2 deep elf master archers (Elf:3)
  4 sphinxes
  The ghost of croobank the Skinwalker, an adept FeDe of Gozag (Vaults:3)
  A shadow dragon (Vaults:5)
  Frances (Snake:2)
  A revenant (Vaults:2)
  3 tengu reavers
  Ilsuiw (Shoals:4)
  3 fire giants (Vaults:5)
  3 nagarajas (Snake:4)
  Donald (Snake:4)
  4 deep elf sorcerers
  14 vault wardens
  15 ironbound preservers
  A deep elf elementalist (Elf:3)
  5 orc warlords
  A cacodemon (WizLab)
  5 stone giants
  A formless jellyfish (Vaults:3)
  6 deep elf demonologists
  5 very ugly things
  5 ironbound thunderhulks
  7 dire elephants
  8 deep elf annihilators
  8 deep elf death magi
  A white draconian (IceCv)
  A wendigo (Snake:3)
  A minotaur (Gauntlet)
  6 war gargoyles
  2 ettins
  9 merfolk impalers
  A crystal guardian (WizLab)
  An entropy weaver (Gauntlet)
  Josephine (Lair:3)
  3 deep elf high priests
  5 merfolk javelineers (Shoals:4)
  A fire dragon (Lair:5)
  8 yaktaur captains
  9 great orbs of eyes
  A salamander tyrant (Snake:4)
  2 peacekeepers
  An ogre mage (Vaults:5)
  Erica (D:10)
  Fannar (Lair:3)
  21 vault guards
  8 ironbound frosthearts
  7 hydras
  A death knight (Vaults:2)
  Erolcha (D:12)
  3 merfolk avatars
  3 demonspawn (Orc:2)
  5 merfolk aquamancers
  A catoblepas (Lair:3)
  5 boulder beetles
  4 alligator snapping turtles
  8 anacondas
  13 centaur warriors
  9 naga warriors
  A hell hog (Lair:5)
  5 two-headed ogres
  5 orc high priests
  6 death yaks
  4 tengu warriors
  37 dancing weapons
  5 shock serpents
  Amaemon (D:11)
  16 deep elf knights
  12 naga sharpshooters
  7 skysharks
  A wretched star (WizLab)
  2 skeletal warriors (D:14)
  2 salamander mystics (Snake:4)
  18 sea snakes
  2 deep trolls (shapeshifter)
  A shining eye (shapeshifter) (Vaults:5)
  Lodul (D:11)
  5 arcanists
  A kraken simulacrum (Shoals:4)
  4 naga ritualists
  3 bog bodies (Shoals:1)
  2 orange crystal statues
  8 glowing orange brains
  37 deep trolls
  17 ironbound convokers
  5 mana vipers
  3 harpies (Vaults:4)
  3 necromancers
  19 deep elf archers
  A swamp dragon (Lair:5)
  A harpy (shapeshifter) (D:14)
  24 deep elf zephyrmancers
  11 lindwurms
  20 orc knights
  2 phantasmal warriors (Vaults:5)
  29 deep elf pyromancers
  A stone giant zombie (Vaults:5)
  6 salamanders
  8 fauns
  9 starcursed masses (WizLab)
  A wolf spider (Vaults:5)
  40 ugly things
  An oklob plant (Lair:4)
  14 manticores
  9 cyclopes
  8 orc sorcerers
  4 elephants
  29 black mambas
  A fire giant skeleton (Vaults:5)
  8 merfolk sirens
  6 water nymphs
  5 eyes of devastation (WizLab)
  A kobold blastminer (Orc:2)
  A rust devil (Orc:2)
  19 vault sentinels
  2 guardian serpents
  2 ice statues (IceCv)
  An orange demon (D:11)
  11 cane toads
  A minotaur zombie (Gauntlet)
  A gargoyle (D:6)
  17 naga magi
  Jeremiah (Lair:1)
  2 torpor snails
  An unseen horror (D:12)
  A kobold demonologist (D:5)
  6 rime drakes
  2 komodo dragons (Lair:5)
  28 yaktaurs
  2 freezing wraiths
  20 merfolk
  A tarantella (D:14)
  A merfolk (shapeshifter) (Elf:2)
  A troll (shapeshifter) (D:13)
  A hellwing (Orc:2)
  3 trolls
  11 polar bears
  5 wind drakes
  10 dream sheep
  9 snapping turtles
  7 blink frogs
  A glass eye (Vaults:2)
  4 raiju (Lair:5)
  22 slime creatures
  A jumping spider (Gauntlet)
  11 water elementals
  3 air elementals
  2 wyverns
  A ynoxinul (Orc:2)
  8 wraiths
  46 yaks
  6 basilisks
  A fire elemental (Elf:2)
  Grum (D:11)
  Eustachio (D:6)
  6 wargs
  3 neqoxecs
  4 steam dragons (Lair:5)
  5 chaos spawn
  37 nagas
  3 acid dragons
  9 hell hounds (Lair:5)
  6 water moccasins
  14 black bears
  29 orc warriors
  2 laughing skulls (Vaults:2)
  2 swamp drakes (Lair:5)
  An ice beast (D:7)
  21 wolves
  15 ogres
  15 centaurs
  2 boggarts (Vaults:1)
  2 phantoms
  A human skeleton (Vaults:5)
  A kobold brigand (D:7)
  9 bullfrogs
  6 scorpions
  A two-headed ogre simulacrum (D:12)
  4 earth elementals (Elf:3)
  5 wights (D:10)
  8 killer bees
  An elephant simulacrum (D:12)
  A lindwurm simulacrum (IceCv)
  3 howler monkeys (D:8)
  5 electric eels
  11 komodo dragon simulacra (IceCv)
  4 hounds
  A jelly (D:7)
  29 orc priests
  10 iguanas
  4 sleepcaps
  Ijyb (D:3)
  23 orc wizards
  2 troll simulacra (D:12)
  A spriggan simulacrum (D:12)
  6 acid dragon simulacra (IceCv)
  10 adders
  3 naga simulacra (D:12)
  A shadow imp (D:6)
  4 white imps
  2 ufetubi (D:7)
  3 steam dragon simulacra (IceCv)
  A dart slug (D:2)
  89 orcs
  9 bats
  4 endoplasms
  2 giant cockroaches
  14 goblins
  8 hobgoblins
  3 jackals (D:1)
  17 kobolds
  5 quokkas
  8 ball pythons
  A frilled lizard (D:3)
  6 rats
  4 starspawn tentacles (WizLab)
1527 creatures vanquished.

Vanquished Creatures (collateral kills)
  A vault warden (Vaults:2)
  2 very ugly things (WizLab)
  A rakshasa (D:15)
  A vault guard (Vaults:2)
  An anaconda (Snake:4)
  2 naga warriors (Snake:4)
  A naga sharpshooter (Snake:4)
  A skeletal warrior (D:14)
  2 glowing orange brains (WizLab)
  A naga ritualist (Snake:4)
  An ironbound convoker (Vaults:1)
  An orc knight (Orc:2)
  An orc sorcerer (Orc:2)
  An ugly thing (WizLab)
  A vault sentinel (Vaults:2)
  A black mamba (Snake:4)
  An eye of devastation (WizLab)
  A wind drake (Shoals:3)
  3 blink frogs (Lair:2)
  5 yaks
  A naga (Snake:4)
  An orc warrior (Orc:2)
  A scorpion (D:3)
  An iguana (D:3)
  An adder (D:3)
  A ribbon worm (D:3)
  6 orcs
  A hobgoblin (D:3)
  2 jackals (D:3)
  2 goblins (D:3)
46 creatures vanquished.

Vanquished Creatures (others)
  An eldritch tentacle (Snake:4)
  A storm dragon (Vaults:5)
  3 deep elf sorcerers (Elf:3)
  2 deep elf elementalists (Elf:3)
  A stone giant (Vaults:5)
  A deep elf demonologist (Elf:3)
  An ettin (Vaults:1)
  A salamander tyrant (Snake:4)
  An anaconda (Snake:2)
  4 dancing weapons
  Urug (D:11)
  2 salamander mystics (Snake:4)
  An ironbound convoker (Vaults:3)
  A deep elf zephyrmancer (Elf:2)
  2 salamanders
  An unseen horror (D:12)
  A tengu conjurer (D:15)
  A kobold demonologist (D:10)
  A naga (Snake:4)
  3 hell hounds (Lair:5)
  An orc warrior (Orc:2)
  A wolf (Lair:5)
  A bombardier beetle (D:6)
  19 starspawn tentacles (WizLab)
  12 tentacles (Shoals:4)
64 creatures vanquished.

Grand Total: 1637 creatures vanquished

Notes
Turn   | Place    | Note
-------+----------+-------------------------------------------
     0 | D:1      | Xavori the Djinni Chaos Knight began the quest for the Orb.
     0 | D:1      | Reached XP level 1. HP: 20/20 MP: 0/0
   113 | D:1      | Reached XP level 2. HP: 25/25 MP: 0/0
   178 | D:1      | XOM: silly message
   431 | D:1      | Reached XP level 3. HP: 30/30 MP: 0/0
   431 | D:1      | Learned a level 1 spell: Summon Small Mammal
   489 | D:1      | Reached skill level 1 in Spellcasting
   489 | D:1      | Reached skill level 1 in Conjurations
   489 | D:1      | Reached skill level 1 in Hexes
   489 | D:1      | Reached skill level 1 in Summonings
   489 | D:1      | Reached skill level 1 in Necromancy
   489 | D:1      | Reached skill level 1 in Translocations
   489 | D:1      | Reached skill level 1 in Fire Magic
   489 | D:1      | Reached skill level 1 in Ice Magic
   489 | D:1      | Reached skill level 1 in Air Magic
   489 | D:1      | Reached skill level 1 in Earth Magic
   489 | D:1      | Reached skill level 1 in Alchemy
   999 | D:1      | XOM: silly message
  1354 | D:1      | XOM: divination: detect creatures
  1580 | D:1      | XOM: summons 2 hostile demons
  1652 | D:2      | XOM: snakes to sticks
  2067 | D:1      | XOM: give mutations
  2067 | D:1      | Gained mutation: You expend health (3 HP) to strengthen
                  | your wands. [Xom's mischief]
  2067 | D:1      | Gained mutation: Your health recovers twice as slowly from
                  | being drained. [Xom's mischief]
  2067 | D:1      | Lost mutation: You expend health (3 HP) to strengthen your
                  | wands. [Xom's mischief]
  2122 | D:1      | XOM is BORED!
  2122 | D:1      | XOM: summons 2 hostile shadow creatures
  2179 | D:2      | XOM: 2-stop teleportation journey
  3765 | D:1      | XOM: god gift: fluorescent wand {god gift}
  3961 | D:1      | XOM: summons 2 hostile demons
  4211 | D:1      | XOM: give mutations
  4211 | D:1      | Gained mutation: Your flesh is almost immune to the effects
                  | of heat. (rF+++) [Xom's mischief]
  4211 | D:1      | Gained mutation: You expend health (3 HP) to strengthen
                  | your wands. [Xom's mischief]
  4211 | D:1      | Gained mutation: You occasionally lose the ability to read
                  | scrolls when taking damage. [Xom's mischief]
  4211 | D:1      | Lost mutation: Your flesh is almost immune to the effects
                  | of heat. (rF+++) [Xom's mischief]
  4218 | D:1      | XOM: stat loss: -1 Str (10/11)
  5259 | D:1      | XOM: summons 2 hostile demons
  5271 | D:2      | XOM: 1-stop teleportation journey
  5478 | D:2      | XOM: cloud trail
  5782 | D:1      | XOM: draining
  6769 | D:1      | XOM: give mutations
  6769 | D:1      | Gained mutation: Your mind is acute. (Int +4, Str/Dex -1)
                  | [Xom's grace]
  6769 | D:1      | Gained mutation: Your spells are a little harder to cast,
                  | but a little more powerful. [Xom's grace]
  7035 | D:1      | XOM: summons 2 hostile demons
  7340 | D:2      | XOM: cloud trail
  7930 | D:1      | XOM: scenery: create altars
  8030 | D:1      | XOM: god gift: scroll labelled IGRYPU FILLAV {god gift}
  8116 | D:1      | XOM: give mutations
  8116 | D:1      | Gained mutation: Your spells are harder to cast, but more
                  | powerful. [Xom's grace]
  8116 | D:1      | Gained mutation: You are robust. (+10% HP) [Xom's grace]
  8141 | D:1      | XOM: scenery: create altars
  8494 | D:1      | XOM: cloud trail
  8777 | D:1      | XOM: cloud trail
  8922 | D:1      | XOM: cloud trail
  9159 | D:1      | XOM: give mutations
  9159 | D:1      | Gained mutation: A frigid envelope surrounds you and
                  | freezes all who hurt you. [Xom's grace]
  9159 | D:1      | Gained mutation: You are agile. (Dex +4, Str/Int -1) [Xom's
                  | grace]
  9159 | D:1      | Gained mutation: You possess an exceptional clarity of
                  | mind. [Xom's grace]
  9199 | D:1      | XOM: divination: detect creatures
  9553 | D:2      | XOM: god gift: 7 stones
  9670 | D:2      | XOM: give mutations
  9670 | D:2      | Gained mutation: You have hidden genetic potential. [Xom's
                  | grace]
  9670 | D:2      | Gained mutation: You are very agile. (Dex +8, Str/Int -2)
                  | [Xom's grace]
  9670 | D:2      | Gained mutation: You are very robust. (+20% HP) [Xom's
                  | grace]
  9670 | D:2      | Gained mutation: You have great hidden genetic potential.
                  | [Xom's grace]
  9713 | D:3      | Reached XP level 4. HP: 37/37 MP: 0/0
  9823 | D:3      | XOM: fog
  9839 | D:3      | Noticed a scorpion
  9842 | D:3      | Killed a scorpion
  9843 | D:3      | Reached skill level 1 in Evocations
  9843 | D:3      | Reached XP level 5. HP: 44/48 MP: 0/0
  9843 | D:3      | Learned a level 2 spell: Jinxbite
  9844 | D:3      | Gained mutation: You are partially covered in iridescent
                  | scales. (AC +2) [hidden potential]
  9889 | D:3      | Noticed Ijyb
  9897 | D:3      | Killed Ijyb
  9898 | D:3      | Reached skill level 3 in Dodging
  9931 | D:3      | Found a faded altar of an unknown god.
  9958 | D:3      | Reached XP level 6. HP: 53/55 MP: 0/0
 10013 | D:3      | Gained mutation: You are resistant to electric shocks.
                  | (rElec) [hidden potential]
 10013 | D:3      | Lost mutation: You have great hidden genetic potential.
                  | [hidden potential expressed]
 10044 | D:3      | Found a stormy altar of Qazlal.
 10354 | D:3      | XOM: scenery: create altars
 10451 | D:4      | Noticed a black bear
 10459 | D:4      | Killed a black bear
 10460 | D:4      | Reached XP level 7. HP: 54/61 MP: 0/0
 10460 | D:4      | Learned a level 3 spell: Call Canine Familiar
 10478 | D:4      | XOM: give mutations
 10478 | D:4      | Gained mutation: You have a somewhat thin skeletal
                  | structure. (Dex +2, Stealth+) [Xom's grace]
 10478 | D:4      | Gained mutation: Your flesh is almost immune to the effects
                  | of heat. (rF+++) [Xom's grace]
 10478 | D:4      | Gained mutation: You have a pair of small horns on your
                  | head. [Xom's grace]
 10692 | D:4      | Found a glowing silver altar of Zin.
 10709 | D:4      | Found a sacrificial altar of Ru.
 10717 | D:4      | Gained mutation: You have great hidden genetic potential.
                  | [hidden potential]
 10791 | D:4      | Found a snail-covered altar of Cheibriados.
 11096 | D:4      | XOM: noise
 11161 | D:4      | Found an iron altar of Okawaru.
 11178 | D:5      | Entered Level 5 of the Dungeon
 11220 | D:5      | Found a shadowy altar of Dithmenos.
 11232 | D:5      | Reached skill level 4 in Dodging
 11352 | D:5      | XOM: 1-stop teleportation journey
 11406 | D:5      | Found a sparkling altar of Nemelex Xobeh.
 11410 | D:5      | Reached XP level 8. HP: 67/69 MP: 0/0
 11427 | D:5      | Gained mutation: You are mostly covered in iridescent
                  | scales. (AC +4) [hidden potential]
 11427 | D:5      | Lost mutation: You have great hidden genetic potential.
                  | [hidden potential expressed]
 11497 | D:5      | Found a bloodstained altar of Trog.
 11588 | D:5      | Found a hazy altar of Hepliaklqana.
 11784 | D:5      | XOM: give mutation
 11784 | D:5      | Gained mutation: Your spells are much harder to cast, but
                  | much more powerful. [Xom's grace]
 11810 | D:5      | XOM: give mutation
 11810 | D:5      | Gained mutation: You have great hidden genetic potential.
                  | [Xom's grace]
 12112 | D:5      | XOM: god gift: murky coppery potion {god gift}
 12144 | D:5      | XOM: summons 2 hostile demons
 12186 | D:5      | XOM: give mutations
 12186 | D:5      | Gained mutation: You have a moderately thin skeletal
                  | structure. (Dex +4, Stealth++) [Xom's grace]
 12186 | D:5      | Gained mutation: Your mind is very acute. (Int +8, Str/Dex
                  | -2) [Xom's grace]
 12186 | D:5      | Gained mutation: Your movements are slightly less
                  | encumbered by armour. (ER -2) [Xom's grace]
 12230 | D:6      | Noticed a kobold demonologist
 12342 | D:6      | Noticed an orange demon
 12343 | D:6      | Noticed a sun demon
 12407 | D:6      | XOM: enchant monster (bad)
 12408 | D:6      | Noticed a ynoxinul
 12413 | D:5      | Killed a kobold demonologist
 12414 | D:5      | Reached skill level 5 in Fighting
 12414 | D:5      | Reached XP level 9. HP: 72/78 MP: 0/0
 12414 | D:5      | Learned a level 4 spell: Petrify
 12420 | D:5      | Gained mutation: You passively map a small area around you.
                  | [hidden potential]
 12482 | D:6      | Reached skill level 5 in Dodging
 12590 | D:6      | Found a burning altar of Makhleb.
 12590 | D:6      | XOM: 2-stop teleportation journey
 12767 | D:6      | Noticed Eustachio
 12776 | D:6      | Killed Eustachio
 12882 | D:6      | Noticed a two-headed ogre
 12883 | D:6      | Noticed a gargoyle
 12898 | D:6      | Killed a gargoyle
 12899 | D:6      | Reached skill level 5 in Long Blades
 12928 | D:6      | Killed a two-headed ogre
 12929 | D:6      | Reached skill level 5 in Armour
 12929 | D:6      | Reached skill level 6 in Dodging
 12929 | D:6      | Reached XP level 10. HP: 72/86 MP: 0/0
 12944 | D:6      | Gained mutation: You are strong-willed. (Will+) [hidden
                  | potential]
 12944 | D:6      | Lost mutation: You have great hidden genetic potential.
                  | [hidden potential expressed]
 12970 | D:6      | Noticed a two-headed ogre
 12978 | D:6      | Killed a two-headed ogre
 12979 | D:6      | Reached skill level 5 in Spellcasting
 12979 | D:6      | Reached skill level 5 in Conjurations
 12979 | D:6      | Reached skill level 5 in Hexes
 12979 | D:6      | Reached skill level 5 in Summonings
 12979 | D:6      | Reached skill level 5 in Necromancy
 12979 | D:6      | Reached skill level 5 in Translocations
 12979 | D:6      | Reached skill level 5 in Fire Magic
 12979 | D:6      | Reached skill level 5 in Ice Magic
 12979 | D:6      | Reached skill level 5 in Air Magic
 12979 | D:6      | Reached skill level 5 in Earth Magic
 12979 | D:6      | Reached skill level 5 in Alchemy
 12979 | D:6      | Reached skill level 5 in Evocations
 13260 | D:6      | Found an ornate altar of the Wu Jian Council.
 13326 | D:7      | XOM: 4-stop teleportation journey
 13496 | D:7      | Found a staircase to the Ecumenical Temple.
 13593 | D:7      | XOM: silly message
 13672 | D:7      | XOM: cloud trail
 13918 | D:7      | Noticed a two-headed ogre
 14001 | D:7      | XOM: enchant monster (good)
 14004 | D:7      | Killed a two-headed ogre
 14068 | D:7      | XOM: scenery: 2 doors close
 14661 | D:8      | Reached skill level 7 in Dodging
 14734 | D:8      | Reached XP level 11. HP: 93/93 MP: 0/0
 14734 | D:8      | Learned a level 5 spell: Irradiate
 14787 | D:8      | Gained mutation: You are highly strong-willed. (Will++)
                  | [hidden potential]
 15286 | D:9      | Found a runed translucent gate.
 15287 | D:9      | Found a runed translucent gate.
 15287 | D:9      | Noticed a cyan ugly thing
 15288 | D:9      | Noticed a green ugly thing
 15289 | D:9      | an eye of devastation changed into a mana viper
 15289 | D:9      | Noticed a mana viper (glowing shapeshifter)
 15290 | D:9      | Noticed a green ugly thing
 15300 | D:9      | XOM: 1-stop teleportation journey
 15425 | D:9      | XOM: enchant monster (good)
 15447 | D:9      | XOM: 2-stop teleportation journey
 15466 | D:9      | Found Wibaghimith's Antique Armour Shoppe.
 15534 | D:9      | Found a runed translucent gate.
 15534 | D:9      | Noticed a green ugly thing
 15539 | D:9      | Noticed a white ugly thing
 15543 | D:9      | Noticed a swamp dragon
 15565 | D:9      | Found a basalt altar of Yredelemnul.
 15570 | D:9      | XOM: 3-stop teleportation journey
 15639 | D:9      | Found an opulent altar of Gozag.
 16045 | D:9      | Noticed a lindwurm
 16052 | D:9      | a lindwurm changed into a snapping turtle
 16054 | D:9      | a snapping turtle changed into a salamander
 16054 | D:9      | Noticed a salamander (glowing shapeshifter)
 16071 | D:10     | Entered Level 10 of the Dungeon
 16297 | D:10     | Noticed a two-headed ogre
 16318 | D:10     | XOM: confuse monster(s)
 16321 | D:10     | XOM: fog
 16324 | D:10     | Killed a two-headed ogre
 16451 | D:10     | XOM: give mutations
 16451 | D:10     | Gained mutation: You are extremely strong-willed. (Will+++)
                  | [Xom's grace]
 16451 | D:10     | Gained mutation: You are completely covered in iridescent
                  | scales. (AC +6) [Xom's grace]
 16451 | D:10     | Gained mutation: You have great hidden genetic potential.
                  | [Xom's grace]
 16474 | D:10     | Found a staircase to the Orcish Mines.
 16567 | D:10     | XOM: confuse monster(s)
 16587 | D:10     | Reached skill level 8 in Dodging
 16616 | D:10     | Noticed Erica
 16625 | D:10     | XOM: silly message
 16638 | D:10     | Killed Erica
 16830 | D:11     | Noticed Lodul
 16848 | D:11     | Killed Lodul
 16849 | D:11     | Reached XP level 12. HP: 84/103 MP: 0/0
 16858 | D:11     | XOM: potion effect (heal wounds)
 16867 | D:11     | Gained mutation: You have supernaturally acute eyesight.
                  | (SInv) [hidden potential]
 16867 | D:11     | Lost mutation: You have great hidden genetic potential.
                  | [hidden potential expressed]
 16873 | D:11     | XOM: chaos upgrade
 16891 | D:11     | Noticed Grum
 16904 | D:11     | Noticed Urug
 16919 | D:11     | XOM: god gift: scroll labelled TUSIRH UCWYPNU {god gift}
 16929 | D:11     | XOM: polymorph black bear -> kobold
 16932 | D:11     | Killed Grum
 16947 | D:11     | Killed Urug
 16947 | D:11     | XOM: divine lightning
 17134 | D:11     | XOM: silly message
 17154 | D:11     | XOM: potion effect (might)
 17170 | D:11     | Found a runed translucent door.
 17170 | D:11     | Noticed zenocrate's ghost (journeyman VSEn)
 17313 | D:11     | Noticed Amaemon
 17343 | D:11     | Killed Amaemon
 17565 | D:11     | XOM: silly message
 17572 | D:11     | XOM: noise
 17909 | D:11     | Found a staircase to the Lair.
 17986 | Lair:1   | Entered Level 1 of the Lair of Beasts
 18113 | Lair:1   | Noticed Jeremiah
 18135 | Lair:1   | Killed Jeremiah
 18338 | Lair:1   | XOM: noise
 18356 | Lair:1   | XOM: divination: detect creatures
 18363 | Lair:1   | XOM: potion effect (invisibility)
 18449 | Lair:1   | XOM: 2-stop teleportation journey
 18623 | Lair:1   | XOM: noise
 18775 | Lair:1   | Reached skill level 9 in Dodging
 18889 | Lair:1   | XOM: enchant monster (bad)
 18904 | Lair:1   | XOM: silly message
 19366 | Lair:2   | XOM: summons 12 friendly demons
 19383 | Lair:2   | Reached XP level 13. HP: 100/111 MP: 0/0
 19383 | Lair:2   | Learned a level 5 spell: Yara's Violent Unravelling
 19407 | Lair:2   | XOM: summons 3 hostile shadow creatures
 19561 | Lair:2   | Gained mutation: You are partially covered in large bone
                  | plates. (SH +4) [hidden potential]
 19641 | Lair:2   | XOM: enchant monster (good)
 19650 | Lair:2   | XOM: 2-stop teleportation journey
 19654 | Lair:2   | XOM: 1-stop teleportation journey
 19694 | Lair:2   | XOM: summons 7 hostile demons
 19841 | Lair:1   | XOM: give mutations
 19841 | Lair:1   | Lost mutation: You have hidden genetic potential. [Xom's
                  | mischief]
 19841 | Lair:1   | Lost mutation: Your flesh is almost immune to the effects
                  | of heat. (rF+++) [Xom's mischief]
 19841 | Lair:1   | Lost mutation: You are very robust. (+20% HP) [Xom's
                  | mischief]
 19844 | Lair:2   | Found a staircase to the Snake Pit.
 19862 | Lair:2   | XOM: chaos cloud
 20111 | Lair:2   | Found a staircase to the Shoals.
 20116 | Lair:2   | XOM: noise
 20200 | Lair:2   | XOM: smoke on damage
 20200 | Lair:2   | XOM: torment (48/103 hp)
 20259 | Lair:2   | XOM: 8-stop teleportation journey
 20269 | Lair:2   | XOM: give mutations
 20269 | Lair:2   | Lost mutation: You are resistant to electric shocks.
                  | (rElec) [Xom's mischief]
 20269 | Lair:2   | Lost mutation: You are extremely strong-willed. (Will+++)
                  | [Xom's mischief]
 20847 | Lair:3   | Noticed a catoblepas
 20874 | Lair:3   | Noticed an eight-headed hydra
 20884 | Lair:3   | Killed a six-headed hydra
 21009 | Lair:3   | Noticed Fannar
 21015 | Lair:3   | Killed Fannar
 21075 | Lair:3   | XOM: give mutation
 21075 | Lair:3   | Lost mutation: You are highly strong-willed. (Will++)
                  | [Xom's mischief]
 21076 | Lair:3   | Noticed Josephine
 21084 | Lair:3   | XOM: chaos upgrade
 21091 | Lair:3   | Killed Josephine
 21134 | Lair:3   | Noticed a six-headed hydra
 21143 | Lair:3   | Killed a one-headed hydra
 21154 | Lair:3   | XOM: 2-stop teleportation journey
 21168 | Lair:3   | XOM: summons 7 hostile demons
 21170 | Lair:3   | XOM: cleaving
 21175 | Lair:3   | XOM: confuse monster(s)
 21285 | Lair:3   | Found a gate leading to a gauntlet.
 21291 | Gauntlet | Entered a Gauntlet
 21291 | Gauntlet | Noticed an entropy weaver
 21291 | Gauntlet | Found a transporter.
 21291 | Gauntlet | Found a transporter.
 21337 | Gauntlet | Found a transporter.
 21341 | Gauntlet | Found a transporter.
 21351 | Gauntlet | Found a transporter.
 21372 | Gauntlet | Found a transporter.
 21378 | Gauntlet | Found a transporter.
 21386 | Gauntlet | Found a transporter.
 21403 | Gauntlet | Found a transporter.
 21411 | Gauntlet | Found a transporter.
 21433 | Gauntlet | Found a transporter.
 21463 | Gauntlet | Found a transporter.
 21589 | Gauntlet | Killed an entropy weaver
 21590 | Gauntlet | Reached skill level 10 in Dodging
 21737 | Gauntlet | XOM: summons 8 friendly demons
 21791 | Gauntlet | Identified the amulet of the Morning {Regen+ Stlth+}
 21793 | Gauntlet | XOM: polymorph inugami -> bunyip
 21917 | Gauntlet | Identified the +10 dagger of Qouf {vamp, Dex+5}
 21917 | Gauntlet | Identified the ring "Qeddyumu" {MP+9 Str+3}
 21917 | Gauntlet | Noticed a minotaur
 21924 | Gauntlet | Killed a minotaur
 21948 | Gauntlet | XOM: confuse monster(s)
 21972 | Lair:3   | Reached XP level 14. HP: 109/112 MP: 0/0
 21982 | Lair:3   | XOM: confuse monster(s)
 22012 | Lair:3   | Identified the +7 chain mail of the Kettle-Drum {^Contam
                  | rF+ rCorr Int+4}
 22059 | Lair:3   | XOM: give mutations
 22059 | Lair:3   | Gained mutation: You have a pair of horns on your head.
                  | [Xom's grace]
 22059 | Lair:3   | Gained mutation: Your muscles are strong. (Str +4, Int/Dex
                  | -1) [Xom's grace]
 22059 | Lair:3   | Gained mutation: You passively map the area around you.
                  | [Xom's grace]
 22550 | Lair:4   | Found a staircase to the Slime Pits.
 22550 | Lair:4   | XOM: 1-stop teleportation journey
 22623 | Lair:4   | XOM: enchant monster (good)
 22703 | Lair:4   | XOM: summons friendly ufetubus
 22846 | Lair:4   | XOM: 4-stop teleportation journey
 22925 | Lair:4   | XOM: 3-stop teleportation journey
 22948 | Lair:4   | Reached skill level 10 in Fighting
 23334 | Lair:5   | Entered Level 5 of the Lair of Beasts
 23435 | Lair:5   | XOM: enchant monster (good)
 23478 | Lair:5   | XOM: fog
 23502 | Lair:5   | XOM: polymorph rime drake -> hobgoblin
 23692 | Lair:5   | XOM: polymorph hell hound -> white imp
 23748 | Lair:5   | XOM: divine lightning
 23761 | Lair:5   | XOM: stat loss: -1 Str (12/13)
 23865 | Lair:5   | XOM: cleaving
 23877 | Lair:5   | Reached skill level 11 in Dodging
 23907 | Lair:5   | XOM: polymorph black bear -> swamp drake
 23967 | Lair:5   | XOM: cast spell 'Iskenderun's Battlesphere'
 23968 | Lair:5   | Reached skill level 10 in Armour
 23991 | Lair:5   | Identified the maw talisman of the Peculiar Orbs {rF+
                  | rCorr}
 24073 | Lair:5   | XOM: enchant monster (good)
 24076 | Lair:5   | XOM: god gift: book of Air
 24090 | Lair:5   | XOM: cast spell 'Cause Fear'
 24211 | Lair:5   | XOM: noise
 24217 | Lair:5   | XOM: enchant monster (good)
 24223 | Lair:5   | Reached XP level 15. HP: 115/119 MP: 0/0
 24223 | Lair:5   | Learned a level 6 spell: Dispersal
 24311 | Lair:5   | XOM: scenery: summon butterflies
 24545 | Lair:5   | Reached skill level 10 in Evocations
 24545 | Lair:5   | XOM: confuse monster(s)
 24605 | Lair:5   | XOM: summons 15 friendly demons
 24609 | Lair:5   | XOM: confuse monster(s)
 24630 | Lair:5   | Identified the +10 battleaxe of the Old World {freeze, rF+}
 24829 | Orc:1    | Entered Level 1 of the Orcish Mines
 24976 | Orc:2    | Entered Level 2 of the Orcish Mines
 24984 | Orc:1    | Reached skill level 10 in Spellcasting
 24984 | Orc:1    | Reached skill level 10 in Conjurations
 24984 | Orc:1    | Reached skill level 10 in Hexes
 24984 | Orc:1    | Reached skill level 10 in Summonings
 24984 | Orc:1    | Reached skill level 10 in Necromancy
 24984 | Orc:1    | Reached skill level 10 in Translocations
 24984 | Orc:1    | Reached skill level 10 in Fire Magic
 24984 | Orc:1    | Reached skill level 10 in Ice Magic
 24984 | Orc:1    | Reached skill level 10 in Air Magic
 24984 | Orc:1    | Reached skill level 10 in Earth Magic
 24984 | Orc:1    | Reached skill level 10 in Alchemy
 25146 | Orc:2    | XOM: polymorph orc warrior -> goblin
 25179 | Orc:2    | XOM: confuse monster(s)
 25234 | Orc:2    | XOM: cloud trail
 25685 | Orc:2    | Found Qohum's Weapon Boutique.
 25720 | Orc:2    | Found a staircase to the Elven Halls.
 25784 | Orc:2    | XOM: destruction
 25954 | Orc:2    | Found Xaoc Wyu's Magic Scroll Shoppe.
 25956 | Orc:2    | Found Qienutsi's General Store.
 26043 | Orc:2    | XOM: confuse monster(s)
 26064 | Orc:2    | Bought a scroll of teleportation for 30 gold pieces
 26064 | Orc:2    | Bought a scroll of teleportation for 30 gold pieces
 26066 | Orc:2    | Bought the +1 buckler of a treasure trove {+Inv Str+3
                  | Dex+3} for 433 gold pieces
 26106 | Orc:2    | Reached skill level 10 in Long Blades
 26273 | Orc:2    | XOM: god gift: plate armour {god gift}
 26432 | Orc:2    | XOM: summons friendly quasit
 26487 | Orc:2    | Found Wobaxib's Jewellery Shop.
 26487 | Orc:2    | Found Lete's Antique Weapon Boutique.
 26488 | Orc:2    | Found a one-way gate leading to the halls of Pandemonium.
 26818 | D:12     | Noticed Erolcha
 26823 | D:12     | Killed Erolcha
 26828 | D:12     | Found Fiets's Weapon Boutique.
 26860 | D:12     | XOM: give mutation
 26860 | D:12     | Lost mutation: You expend health (3 HP) to strengthen your
                  | wands. [Xom's mischief]
 27245 | D:12     | Found a frozen archway.
 27251 | D:12     | XOM: noise
 27290 | IceCv    | Entered an ice cave
 27337 | IceCv    | Reached skill level 12 in Dodging
 27479 | IceCv    | XOM: enchant monster (good)
 27979 | D:13     | Found a hide-covered altar of Uskayaw.
 28082 | D:13     | Reached XP level 16. HP: 127/127 MP: 0/0
 28087 | D:13     | XOM: 1-stop teleportation journey
 28306 | D:13     | XOM: confuse monster(s)
 28488 | D:13     | XOM: give mutations
 28488 | D:13     | Lost mutation: You passively map the area around you.
                  | [Xom's mischief]
 28488 | D:13     | Lost mutation: You are very agile. (Dex +8, Str/Int -2)
                  | [Xom's mischief]
 28488 | D:13     | Lost mutation: Your spells are much harder to cast, but
                  | much more powerful. [Xom's mischief]
 28488 | D:13     | Lost mutation: You passively map a small area around you.
                  | [Xom's mischief]
 28662 | D:14     | XOM: 1-stop teleportation journey
 28897 | D:14     | XOM: chaos upgrade
 28900 | D:14     | Reached skill level 1 in Shields
 28946 | D:14     | Found a gate to the Vaults.
 29015 | D:14     | Noticed Rupert
 29050 | D:14     | Killed Rupert
 29128 | D:14     | You are sucked into a shaft and drop 1 floor!
 29128 | D:15     | Entered Level 15 of the Dungeon
 29215 | D:15     | XOM: chaos cloud
 29217 | D:15     | Paralysed by you for 1 turns
 29226 | D:15     | XOM: chaos cloud
 29230 | D:15     | XOM: 2-stop teleportation journey
 29255 | D:15     | XOM: chaos cloud
 29279 | D:15     | XOM: summons friendly quasit
 29372 | D:15     | XOM: divine lightning
 29438 | D:15     | XOM: 5-stop teleportation journey
 29664 | D:15     | XOM: enchant monster (good)
 29687 | D:15     | XOM: destruction
 29978 | D:15     | Found a staircase to the Depths.
 30128 | D:14     | XOM: give mutations
 30128 | D:14     | Gained mutation: You expend health (3 HP) to strengthen
                  | your wands. [Xom's grace]
 30128 | D:14     | Gained mutation: You are very robust. (+20% HP) [Xom's
                  | grace]
 30132 | D:14     | XOM: polymorph vault guard -> tarantella
 30204 | D:14     | Noticed Roxanne
 30204 | D:14     | XOM: 2-stop teleportation journey
 30246 | D:14     | XOM: confuse monster(s)
 30274 | D:14     | Reached XP level 17. HP: 147/147 MP: 0/0
 30274 | D:14     | Learned a level 7 spell: Haunt
 30311 | D:14     | XOM: polymorph inugami -> steam dragon
 30339 | D:14     | XOM: give mutation
 30339 | D:14     | Lost mutation: You are completely covered in iridescent
                  | scales. (AC +6) [Xom's mischief]
 30505 | D:14     | XOM: blink monster(s)
 30509 | D:14     | Reached skill level 13 in Dodging
 30529 | D:14     | Found a gateway to a bazaar.
 30544 | Bazaar   | Entered a bazaar
 30548 | Bazaar   | Found Rulisoqe's Antique Weapon Boutique.
 30554 | Bazaar   | Bought a runed double sword for 594 gold pieces
 30570 | Bazaar   | Found Ifeoh's Antique Weapon Emporium.
 30591 | Bazaar   | Found Tiett's Book Boutique.
 30611 | Bazaar   | Found Zuzoqes's Antique Armour Shoppe.
 30617 | Bazaar   | Bought an embroidered cloak for 165 gold pieces
 30617 | Bazaar   | Bought a masterwork hat for 198 gold pieces
 30617 | Bazaar   | Identified the +0 hat of Cyoteq {Rampage rElec Will- Str+2}
                  | (You bought it in a shop in a bazaar)
 30675 | Bazaar   | Upgraded the game from 0.32-a0-12-g7fc57aa741 to
                  | 0.32-a0-17-gb74e046682
 30769 | D:12     | XOM: divination: detect creatures
 30807 | D:11     | XOM: summons 2 hostile demons
 30876 | Snake:1  | Entered Level 1 of the Snake Pit
 30971 | Snake:1  | XOM: 1-stop teleportation journey
 31008 | Snake:1  | XOM: 4-stop teleportation journey
 31151 | Snake:1  | XOM: give mutations
 31151 | Snake:1  | Lost mutation: Your spells are harder to cast, but more
                  | powerful. [Xom's mischief]
 31151 | Snake:1  | Lost mutation: You occasionally lose the ability to read
                  | scrolls when taking damage. [Xom's mischief]
 31151 | Snake:1  | Lost mutation: You have a moderately thin skeletal
                  | structure. (Dex +4, Stealth++) [Xom's mischief]
 31151 | Snake:1  | Lost mutation: Your muscles are strong. (Str +4, Int/Dex
                  | -1) [Xom's mischief]
 31199 | Snake:1  | Found Daarch's Antique Armour Emporium.
 31204 | Snake:1  | Found Uruxyem's Book Emporium.
 31343 | Snake:1  | XOM: summons 1 hostile demon
 31345 | Snake:1  | XOM: swap monsters
 31606 | Snake:1  | XOM: divination: detect creatures
 31837 | Snake:2  | Noticed Frances
 31840 | Snake:2  | XOM: summons 2 hostile shadow creatures
 31852 | Snake:2  | Killed Frances
 31981 | Snake:2  | XOM: 5-stop teleportation journey
 32090 | Snake:2  | XOM: repel stairs
 32096 | Snake:2  | XOM: chaos upgrade
 32177 | Snake:2  | Reached skill level 5 in Shields
 32343 | Snake:2  | XOM: divine lightning
 32482 | Snake:3  | Found Uxzoesam's Jewellery Shop.
 32482 | Snake:3  | Found Luawk's Book Shoppe.
 32483 | Snake:3  | Found Wyodoukk's Jewellery Shop.
 32552 | Snake:3  | XOM: summons friendly white imp
 32598 | Snake:3  | Identified the +1 war axe of Breach {holy, rC+ rN+++ Str-4
                  | SInv}
 32617 | Snake:3  | Noticed Mara
 32627 | Snake:3  | XOM: silly message
 32630 | Snake:3  | Mara changed into Mara the wendigo
 32630 | Snake:3  | Noticed Mara
 32630 | Snake:3  | XOM: polymorph Mara -> Mara the wendigo
 32637 | Snake:3  | Killed Mara the wendigo
 32673 | Snake:3  | Found Kokodd's Antique Armour Boutique.
 32903 | Snake:3  | XOM: noise
 33176 | Snake:4  | Entered Level 4 of the Snake Pit
 33176 | Snake:4  | Noticed Donald
 33182 | Snake:4  | Killed Donald
 33219 | Snake:4  | XOM: summons 9 hostile demons
 33220 | Snake:4  | XOM: smoke on damage
 33222 | Snake:4  | XOM: swap monsters
 33241 | Snake:4  | XOM: cast spell 'Summon Horrible Things'
 33249 | Snake:4  | XOM: summons friendly crimson imp
 33253 | Snake:4  | XOM: summons friendly ufetubus
 33254 | Snake:4  | Reached XP level 18. HP: 76/150 MP: 0/0
 33274 | Snake:4  | XOM: divination: detect items
 33277 | Snake:4  | XOM: fog
 33537 | Snake:4  | XOM: noise
 33545 | Snake:4  | XOM: summons 6 friendly demons
 33591 | Snake:4  | XOM: silly message
 33772 | Snake:4  | XOM: enchant monster (good)
 33780 | Snake:4  | XOM: cast spell 'Malign Gateway'
 33882 | Snake:3  | XOM: cloud trail
 33933 | Snake:4  | XOM: god gift: potion of mutation
 33947 | Snake:4  | Reached skill level 14 in Dodging
 34276 | Snake:4  | Got a serpentine rune of Zot
 34528 | Shoals:1 | Entered Level 1 of the Shoals
 34787 | Shoals:1 | XOM: cloud trail
 34809 | Shoals:1 | Found a transporter.
 34810 | Shoals:1 | Found a transporter.
 34823 | Shoals:1 | Found a bloodstained altar of Trog.
 34826 | Shoals:1 | XOM: scenery: create altars
 34923 | Shoals:1 | XOM: 4-stop teleportation journey
 34937 | Shoals:1 | Noticed jejorda2's ghost (adept GnBe)
 35074 | Shoals:1 | XOM: blink monster(s)
 35076 | Shoals:1 | XOM: summons 10 hostile demons
 35079 | Shoals:1 | XOM: silly message
 35355 | Shoals:2 | XOM: silly message
 35446 | Shoals:2 | Found Cigruops's Magic Scroll Shoppe.
 35447 | Shoals:2 | Found Ciapiwof's Magic Scroll Emporium.
 35459 | Shoals:2 | Bought a scroll of teleportation for 33 gold pieces
 35459 | Shoals:2 | Bought a scroll of identify for 22 gold pieces
 35459 | Shoals:2 | Bought a scroll of identify for 22 gold pieces
 35471 | Shoals:2 | Bought a scroll of blinking for 105 gold pieces
 35471 | Shoals:2 | Bought a scroll of blinking for 105 gold pieces
 35471 | Shoals:2 | Bought a scroll of teleportation for 42 gold pieces
 35471 | Shoals:2 | Bought a scroll of fear for 56 gold pieces
 35471 | Shoals:2 | Bought a scroll of teleportation for 42 gold pieces
 35471 | Shoals:2 | Bought a scroll of enchant armour for 105 gold pieces
 35569 | Shoals:2 | Found Nois's Jewellery Shoppe.
 35670 | Shoals:2 | Found Amyuq's Armour Boutique.
 35741 | Shoals:2 | Found Omassoni's Distillery.
 35749 | Shoals:2 | Bought a potion of curing for 48 gold pieces
 35749 | Shoals:2 | Bought a potion of heal wounds for 80 gold pieces
 35749 | Shoals:2 | Bought 2 potions of curing for 96 gold pieces
 35749 | Shoals:2 | Bought a potion of heal wounds for 80 gold pieces
 35749 | Shoals:2 | Bought a potion of cancellation for 128 gold pieces
 36142 | Shoals:3 | XOM: blink monster(s)
 36156 | Shoals:3 | Reached XP level 19. HP: 165/166 MP: 0/0
 36156 | Shoals:3 | Learned a level 7 spell: Monstrous Menagerie
 36365 | Shoals:3 | XOM: cleaving
 36656 | Shoals:3 | XOM: noise
 36952 | Shoals:4 | Entered Level 4 of the Shoals
 36968 | Shoals:4 | XOM: give mutation
 36968 | Shoals:4 | Gained mutation: You are covered in fur. (AC +1) [Xom's
                  | grace]
 37160 | Shoals:4 | XOM: enchant monster (good)
 37162 | Shoals:4 | XOM: cleaving
 37163 | Shoals:4 | XOM: divine lightning
 37204 | Shoals:4 | Noticed Mlioglotl
 37263 | Shoals:4 | Killed Mlioglotl
 37420 | Shoals:4 | XOM: fog
 37426 | Shoals:4 | XOM: summons friendly ufetubus
 37444 | Shoals:4 | XOM: divination: detect items
 37524 | Shoals:4 | XOM: god gift: glowing barding {god gift}
 37579 | Shoals:4 | Got a barnacled rune of Zot
 37657 | Shoals:4 | Noticed Ilsuiw
 37676 | Shoals:4 | Killed Ilsuiw
 38035 | Shoals:4 | Identified the +7 triple sword "Liecsoli" {venom, Str+5
                  | Int-4 Stlth+}
 38164 | Shoals:4 | XOM: god gift: scroll of teleportation
 38441 | Elf:1    | Entered Level 1 of the Elven Halls
 38457 | Elf:1    | XOM: noise
 38517 | Elf:1    | XOM: give mutations
 38517 | Elf:1    | Gained mutation: You are completely covered in iridescent
                  | scales. (AC +6) [Xom's grace]
 38517 | Elf:1    | Gained mutation: You are very agile. (Dex +8, Str/Int -2)
                  | [Xom's grace]
 38517 | Elf:1    | Gained mutation: Your spells are harder to cast, but more
                  | powerful. [Xom's grace]
 38517 | Elf:1    | Gained mutation: You passively map a small area around you.
                  | [Xom's grace]
 38580 | Elf:1    | XOM: confuse monster(s)
 38581 | Elf:1    | Reached skill level 15 in Dodging
 38743 | Elf:1    | XOM: 1-stop teleportation journey
 38919 | Elf:1    | XOM: divination: detect items
 38923 | Elf:1    | Paralysed by an air elemental for 1 turns
 39297 | Elf:1    | XOM: blink monster(s)
 39301 | Elf:1    | Reached XP level 20. HP: 146/176 MP: 0/0
 39630 | Elf:2    | XOM: polymorph deep elf archer -> glowing shapeshifter
 39635 | Elf:2    | XOM: polymorph shock serpent -> glowing shapeshifter
 39647 | Elf:2    | XOM: torment (81/176 hp)
 39814 | Elf:2    | Paralysed by an air elemental for 1 turns
 39969 | Elf:2    | XOM: cast spell 'Metabolic Englaciation'
 39977 | Elf:2    | Found Qisestrosm's Assorted Antiques.
 39983 | Elf:2    | XOM: summons friendly crimson imp
 40005 | Elf:2    | XOM: cast spell 'Summon Cactus Giant'
 40008 | Elf:2    | XOM: swap monsters
 40018 | Elf:2    | XOM: 1-stop teleportation journey
 40065 | Elf:2    | XOM: cleaving
 40069 | Elf:2    | XOM: divine lightning
 40103 | Elf:2    | XOM: summons friendly iron imp
 40227 | Elf:2    | XOM: cloud trail
 40285 | Elf:2    | XOM: scenery: create altars
 40452 | Elf:2    | Found a runed translucent door.
 40454 | Elf:2    | Found a runed translucent door.
 40735 | Elf:2    | Bought a scroll of teleportation for 99 gold pieces
 40857 | Elf:2    | Identified the +0 hat "Xeneiw" {rF++ Dex+4}
 41105 | Elf:3    | Entered Level 3 of the Elven Halls
 41324 | Elf:3    | Noticed a Hell Sentinel
 41328 | Elf:3    | Noticed a Brimstone Fiend
 41428 | Elf:3    | XOM: chaos upgrade
 41435 | Elf:3    | XOM: cloud trail
 41566 | Elf:3    | XOM: confuse monster(s)
 41584 | Elf:3    | Noticed an Ice Fiend
 41735 | Elf:3    | XOM: give mutations
 41735 | Elf:3    | Lost mutation: You are very agile. (Dex +8, Str/Int -2)
                  | [Xom's mischief]
 41735 | Elf:3    | Lost mutation: Your spells are harder to cast, but more
                  | powerful. [Xom's mischief]
 41735 | Elf:3    | Lost mutation: You possess an exceptional clarity of mind.
                  | [Xom's mischief]
 41735 | Elf:3    | Lost mutation: Your mind is very acute. (Int +8, Str/Dex
                  | -2) [Xom's mischief]
 41799 | Elf:3    | XOM: divination: detect creatures
 41801 | Elf:3    | XOM: noise
 41811 | Elf:3    | Reached XP level 21. HP: 178/184 MP: 0/0
 41811 | Elf:3    | Learned a level 8 spell: Infestation
 42119 | Elf:3    | Identified the +0 morningstar "Impbane" {antimagic, rElec
                  | Dex+2}
 42138 | Elf:3    | XOM: divination: magic mapping
 42145 | Elf:3    | Identified the +4 fire dragon scales of Tinoollaipyk {rElec
                  | rF++ rC-}
 42145 | Elf:3    | Identified the ring of Koanuthim {Str+3 Int+6}
 42168 | Elf:3    | XOM: silly message
 42170 | Elf:3    | Reached skill level 16 in Dodging
 42176 | Elf:3    | XOM: potion effect (might)
 42183 | Elf:3    | Reached skill level 10 in Shields
 42356 | Elf:3    | Reached skill level 15 in Fighting
 42454 | Elf:3    | Found the +10 Black Knight's barding {ponderous, rPois rN+}
 42511 | Elf:3    | Identified the granite talisman of the Dungeon {rC+ Dex+2}
 42598 | Elf:3    | XOM: scenery: 1 doors close
 42894 | Vaults:1 | Entered Level 1 of the Vaults
 42917 | Vaults:1 | XOM: cast spell 'Iskenderun's Battlesphere'
 42930 | Vaults:1 | XOM: confuse monster(s)
 42954 | Vaults:1 | XOM: summons 2 friendly demons
 42983 | Vaults:1 | XOM: noise
 43044 | Vaults:1 | Noticed Zenata
 43045 | Vaults:1 | XOM: fog
 43063 | Vaults:1 | Killed Zenata
 43174 | Vaults:1 | Found a magical portal.
 43183 | WizLab   | Entered Lehudib's Moon Base
 43198 | WizLab   | XOM: stat loss: -1 Str (12/13)
 43261 | WizLab   | XOM: confuse monster(s)
 43270 | WizLab   | XOM: enchant monster (bad)
 43285 | WizLab   | XOM: polymorph green ugly thing -> red ugly thing
 43366 | WizLab   | XOM: cloud trail
 43434 | WizLab   | XOM: cast spell 'Leda's Liquefaction'
 43448 | WizLab   | XOM: scenery: create altars
 43498 | WizLab   | XOM: enchant monster (good)
 43509 | WizLab   | Paralysed by accursed screaming for 1 turns
 43513 | WizLab   | XOM: confuse monster(s)
 43514 | WizLab   | XOM: summons 2 friendly demons
 43517 | WizLab   | XOM: scenery: create altars
 43614 | WizLab   | XOM: fog
 43619 | WizLab   | XOM: potion effect (berserk rage)
 43623 | WizLab   | Reached skill level 15 in Armour
 43708 | WizLab   | XOM: potion effect (haste)
 43708 | WizLab   | Gained mutation: Armour fits poorly on your strangely
                  | shaped body. [a cacodemon]
 43816 | WizLab   | Found a transporter.
 43823 | WizLab   | XOM: god gift: scroll of vulnerability
 43846 | WizLab   | XOM: cast spell 'Summon Dragon'
 43869 | WizLab   | XOM: 5-stop teleportation journey
 43870 | WizLab   | Reached skill level 15 in Spellcasting
 43870 | WizLab   | Reached skill level 15 in Conjurations
 43870 | WizLab   | Reached skill level 15 in Hexes
 43870 | WizLab   | Reached skill level 15 in Summonings
 43870 | WizLab   | Reached skill level 15 in Necromancy
 43870 | WizLab   | Reached skill level 15 in Translocations
 43870 | WizLab   | Reached skill level 15 in Fire Magic
 43870 | WizLab   | Reached skill level 15 in Ice Magic
 43870 | WizLab   | Reached skill level 15 in Air Magic
 43870 | WizLab   | Reached skill level 15 in Earth Magic
 43870 | WizLab   | Reached skill level 15 in Alchemy
 44022 | WizLab   | Found a transporter.
 44291 | WizLab   | Paralysed by accursed screaming for 1 turns
 44575 | Vaults:1 | Reached XP level 22. HP: 194/194 MP: 0/0
 44576 | Vaults:1 | XOM: enchant monster (good)
 44752 | Vaults:1 | XOM: divine lightning
 44753 | Vaults:1 | XOM: divination: magic mapping
 44754 | Vaults:1 | XOM: summons friendly ufetubus
 44889 | Vaults:1 | XOM: cleaving
 44897 | Vaults:1 | XOM: scenery: 2 doors open
 44904 | Vaults:1 | XOM: summons 5 friendly demons
 44944 | Vaults:1 | XOM: 7-stop teleportation journey
 45063 | Vaults:1 | XOM: fake destruction
 45067 | Vaults:1 | XOM: confuse monster(s)
 45264 | Vaults:1 | XOM: god gift: glowing falchion {god gift}
 45343 | Vaults:1 | XOM: cloud trail
 45444 | Vaults:1 | XOM: give mutations
 45444 | Vaults:1 | Gained mutation: Your skin changes colour to match your
                  | surroundings (Stealth+). [Xom's grace]
 45444 | Vaults:1 | Gained mutation: You possess an exceptional clarity of
                  | mind. [Xom's grace]
 45499 | Vaults:1 | XOM: cloud trail
 45638 | Vaults:1 | XOM: divination: detect creatures
 45696 | Vaults:1 | XOM: scenery: 2 doors close
 45717 | Vaults:1 | Identified the storm talisman of Cocytus {Int-2 Slay+5}
 45837 | Vaults:2 | XOM: enchant monster (good)
 45839 | Vaults:2 | XOM: scenery: 2 doors open, 1 doors close
 46011 | Vaults:2 | Noticed Norris
 46029 | Vaults:2 | Killed Norris
 46030 | Vaults:2 | Reached skill level 17 in Dodging
 46057 | Vaults:2 | Noticed Saint Roka
 46067 | Vaults:2 | XOM: summons 3 friendly demons
 46069 | Vaults:2 | XOM: enchant monster (good)
 46072 | Vaults:2 | Identified the orb of Ahaacw {light, Will+++ Int+3 Stlth-
                  | Alchemy}
 46072 | Vaults:2 | Noticed Frederick
 46084 | Vaults:1 | XOM: give mutations
 46084 | Vaults:1 | Gained mutation: You have a pair of large horns on your
                  | head. [Xom's grace]
 46084 | Vaults:1 | Gained mutation: You have hidden genetic potential. [Xom's
                  | grace]
 46171 | Vaults:2 | XOM: polymorph ironbound preserver -> glass eye
 46172 | Vaults:2 | XOM: scenery: summon butterflies
 46224 | Vaults:2 | XOM: summons friendly shadow imp
 46243 | Vaults:2 | XOM: divination: detect creatures
 46255 | Vaults:2 | Killed Frederick
 46260 | Vaults:2 | XOM: confuse monster(s)
 46271 | Vaults:2 | Killed Saint Roka
 46494 | Vaults:2 | XOM: give mutation
 46655 | Vaults:2 | XOM: polymorph orc priest -> goblin
 46813 | Vaults:2 | Reached XP level 23. HP: 202/202 MP: 0/0
 46813 | Vaults:2 | Learned a level 7 spell: Malign Gateway
 47072 | Vaults:2 | Found a staircase to the Crypt.
 47215 | Vaults:3 | Noticed Nikola
 47233 | Vaults:3 | Killed Nikola
 47332 | Vaults:3 | XOM: 4-stop teleportation journey
 47376 | Vaults:3 | XOM: cleaving
 47390 | Vaults:3 | XOM: summons 2 friendly demons
 47395 | Vaults:3 | XOM: scenery: summon butterflies
 47396 | Vaults:3 | XOM: cleaving
 47432 | Vaults:3 | XOM: summons friendly quasit
 47459 | Vaults:3 | XOM: god gift: 734 gold pieces
 47486 | Vaults:3 | Reached skill level 15 in Long Blades
 47507 | Vaults:3 | XOM: give mutation
 47577 | Vaults:3 | XOM: enchant monster (good)
 47593 | Vaults:3 | XOM: smoke on damage
 47664 | Vaults:3 | Found Qunim's Weapon Shoppe.
 47757 | Vaults:3 | Found Rent's Magic Scroll Boutique.
 47784 | Vaults:3 | Bought a scroll of blinking for 120 gold pieces
 47814 | Vaults:3 | Found a runed translucent door.
 47816 | Vaults:3 | Noticed croobank's ghost (adept FeDe)
 47980 | Vaults:3 | XOM: summons friendly white imp
 48222 | Vaults:3 | XOM: fake destruction
 48250 | Vaults:3 | Killed croobank's ghost
 48353 | Vaults:4 | XOM: god gift: 46 gold pieces
 48366 | Vaults:4 | XOM: scenery: 1 doors open
 48380 | Vaults:4 | Identified the beast talisman of the Rescuing Invaders
                  | {Int+2}
 48572 | Vaults:4 | Gained mutation: You passively map the area around you.
                  | [hidden potential]
 48643 | Vaults:4 | XOM: divination: magic mapping
 48696 | Vaults:4 | XOM: divination: detect items
 48731 | Vaults:4 | XOM: 5-stop teleportation journey
 48879 | Vaults:4 | XOM: blink monster(s)
 48886 | Vaults:4 | XOM: noise
 48963 | Vaults:4 | XOM: god gift: box of beasts
 49473 | Vaults:5 | Entered Level 5 of the Vaults
 49473 | Vaults:5 | XOM: 8-stop teleportation journey
 49481 | Vaults:5 | XOM: enchant monster (good)
 49500 | Vaults:5 | XOM: confuse monster(s)
 49505 | Vaults:5 | XOM: potion effect (might)
 49509 | Vaults:5 | Identified the +5 mace "Gom Taipp" {protect, rElec rC+
                  | Dex-3 Stlth+}
 49520 | Vaults:5 | XOM: cleaving
 49524 | Vaults:5 | Reached XP level 24. HP: 178/212 MP: 0/0
 49546 | Vaults:5 | Identified the +6 shortbow of Movu {drain, rElec Will+}
 49547 | Vaults:5 | Reached skill level 18 in Dodging
 49551 | Vaults:5 | XOM: 2-stop teleportation journey
 49558 | Vaults:5 | Noticed a dread lich
 49559 | Vaults:5 | XOM: polymorph deep elf high priest -> wind drake
 49566 | Vaults:5 | Paralysed by a dread lich for 4 turns
 49567 | Vaults:5 | XOM: butterfly on damage
 49573 | Vaults:5 | Killed a dread lich
 49579 | Vaults:5 | XOM: enchant monster (good)
 49586 | Vaults:5 | XOM: divination: detect creatures
 49598 | Vaults:5 | XOM: confuse monster(s)
 49603 | Vaults:5 | Killed from afar by a shadow dragon

Illustrated notes

Levels and vault maps discovered:
D:1:      dpeg_arrival_short_road, layout_loops_cross
D:2:      layout_basic, chequers_serial_rivers_micro_e, dk_noncrumbling_4
D:3:      corexii_shack_village, layout_rooms, lemuel_doored_altar,
          dreamdust_ecumenical_altar_grove, uniq_ijyb
D:4:      layout_basic, kennysheep_mini_moat,
          nicolae_ru_great_annihilating_truth, lemuel_crystal_altar,
          mainiacjoe_overflow_cross_hatched
D:5:      layout_basic, bloody_trog, amcnicky_altar_gilded, lemuel_tele_altar,
          nemelex_xobeh_ov_fountains_minmay, kennysheep_crisscross, st_stairs_9
D:6:      minmay_chambers_of_sixes, layout_rooms, vehumet_crystals,
          nzn_wu_jian_council_hall, bloody_makhleb, minmay_bent, uniq_eustachio
D:7:      layout_gridville, minmay_temple_entry_overgrown,
          minmay_tree_intersection
D:8:      layout_gridville, led_sif_book, special_room [special_room_orc]
D:9:      layout_basic, mainiacjoe_overflow_alcove_1, grunt_gozag_breadcrumbs,
          serial_shops, nicolae_shop_tiny_waterfront,
          ploomutoo_gammafunk_ghost_potion_laboratory, minmay_door_square
D:10:     layout_roguey, orc_0_dummy, uniq_erica
D:11:     layout_basic, grunt_lair_entry_orc_guard_hut, hellmonk_ghost_big_iron,
          uniq_grum, uniq_amaemon, uniq_lodul, uniq_urug
D:12:     layout_roguey, portal_ice_cave_entry_ice_simulacra, serial_shops,
          shop, uniq_erolcha
D:13:     layout_roguey, nicolae_uskayaw_suspiria
D:14:     layout_roguey, erik_vaults_2, serial_shops, statue_bzr, serial_curves,
          eino_curves_02, eino_curves_02, eino_curves_03, eino_curves_04,
          uniq_roxanne, uniq_rupert
D:15:     gammafunk_enter_depths_forms, layout_long_grid
Lair:1:   layout_layer_cave, uniq_jeremiah
Lair:2:   statuecave_lemuel, layout_cave_pods, minmay_shoals_entry_beasts,
          dummy_snake_entry, serial_bayou_shore_b
Lair:3:   layout_cellular_growth, gauntlet_entry_generic,
          hangedman_lair_unloving_vines, serial_bayou_lake_a,
          serial_bayou_shore_b, uniq_fannar, uniq_josephine
Lair:4:   layout_roguey, dpeg_slime_entry_corner
Lair:5:   guppyfry_lair_end_dragon, layout_hall_layers,
          hangedman_lair_caniforms_friends, serial_bayou_lagoon_b
Shoals:1: layout_shoals, gammafunk_ghost_wrathful_warriors,
          nicolae_shoals_secluded_bog
Shoals:2: layout_shoals, serial_shops, shop, shop, shop, shop,
          nicolae_shop_hallway_plus
Shoals:3: layout_shoals, nicolae_shoals_former_cling_halls
Shoals:4: shoals_end_grunt_ice, layout_shoals, shoals_ilsuiw_alternative,
          uniq_mlioglotl
Snake:1:  layout_grid_maze, minmay_shop_star
Snake:2:  kennysheep_six_static_rooms, layout_onion_interference,
          nicolae_snake_gridmaze_zigzag, uniq_frances
Snake:3:  layout_gridlike, serial_shops, nicolae_shop_stone, minmay_shop_grove,
          uniq_mara
Snake:4:  snake_pit, layout_cave_town, uniq_donald
Orc:1:    layout_caves, kennysheep_orc_chapel
Orc:2:    pf_orc_diabolical, layout_diamond_mine, serial_shops, shop,
          nicolae_orc_quarried_blocks
Elf:1:    eino_elf_arrival_the_gate, layout_loops_corners,
          nicolae_elf_crossing_hall, grunt_megastairs_1
Elf:2:    nicolae_elf_blades_splatter_lattice
          [nicolae_blade_entry_splitting_headache], layout_geoelf_octagon,
          serial_co_window_serial, co_window_paths_b, co_window_paths_a,
          co_window_paths_b, co_window_corner_a, co_window_paths_a,
          co_window_paths_b, co_window_corner_a, co_window_corner_a,
          co_window_paths_b, co_window_paths_c, co_window_corner_b,
          co_window_paths_d, glass_columns_b, glass_columns_a, glass_columns_c,
          serial_shops, shop
Elf:3:    elf_hall, layout_geoelf_castle, nicolae_elf_m_pinch,
          nicolae_elf_free_trip_to_the_abyss
Vaults:1: mu_enter_wizlab_5, nicolae_vaults_big_ls, vaults_room_guarded_vault,
          v_pattern_5, v_misc_14, nicolae_vaults_tetromino_Z_1,
          nicolae_vaults_storage_closets_3, vaults_mumra_hex,
          nicolae_vaults_network_s, nicolae_vaults_closet_pinwheel_1,
          vaults_dpeg_diagonal, nicolae_vaults_trapezoid_3,
          nicolae_vaults_offset_grid_hallway_1, nicolae_vaults_apartment_1,
          layout_vaults_ring, uniq_zenata
Vaults:2: ontoclasm_vaults_spin, v_rooms_5, vaults_room_grid,
          vaults_standard_mumra_enter_the_diamond,
          minmay_crypt_entry_simple_corners, v_misc_13, v_misc_10,
          vaults_mumra_minichess, nicolae_vaults_double_plus_1,
          nicolae_vaults_double_plus_1, nicolae_vaults_border_crossing,
          layout_vaults_quadrants, uniq_frederick, uniq_saint_roka, uniq_norris
Vaults:3: ebering_ghost_reflecting_pool, v_misc_8,
          nicolae_vaults_taking_the_gang_shopping, nicolae_vaults_tetromino_L_1,
          hangedman_vaults_nodes, serial_library_hellmonk_angled_corner,
          ontoclasm_vaults_gateway, v_misc_27, hangedman_vaults_hat,
          nicolae_vaults_trapezoid_lopsided_2, nicolae_vaults_little_squares_5,
          layout_vaults_omnicross, serial_shops, shop, uniq_nikola
Vaults:4: nicolae_vaults_trapezoid_4, nicolae_vaults_network_quincunx
          [nicolae_vaults_network_quincunx_subvault,
          nicolae_vaults_network_quincunx_subvault,
          nicolae_vaults_network_quincunx_subvault,
          nicolae_vaults_network_quincunx_subvault,
          nicolae_vaults_network_quincunx_subvault],
          ontoclasm_vaults_decontamination, nicolae_vaults_trapezoid_3,
          vaults_dpeg_doors, hangedman_vaults_maws, v_pattern_4,
          nicolae_vaults_double_plus_1, nicolae_vaults_surprise_closet,
          layout_vaults_chaotic_city
Vaults:5

Skill      XL: |  1  2  3  4  5  6  7  8  9 10 11 12 13 14 15 16 17 18 19 20 21 22 23 24 |
---------------+-------------------------------------------------------------------------+-----
Spellcasting   | 1 2 3 4 5 6 7 8 9 11 12 13 14 15 16 | 16.4
Conjurations   | 1 2 3 4 5 6 7 8 9 11 12 13 14 15 16 | 16.4
Hexes          | 1 2 3 4 5 6 7 8 9 11 12 13 14 15 16 | 16.4
Summonings     | 1 2 3 4 5 6 7 8 9 11 12 13 14 15 16 | 16.4
Necromancy     | 1 2 3 4 5 6 7 8 9 11 12 13 14 15 16 | 16.4
Translocations | 1 2 3 4 5 6 7 8 9 11 12 13 14 15 16 | 16.4
Fire Magic     | 1 2 3 4 5 6 7 8 9 11 12 13 14 15 16 | 16.4
Ice Magic      | 1 2 3 4 5 6 7 8 9 11 12 13 14 15 16 | 16.4
Air Magic      | 1 2 3 4 5 6 7 8 9 11 12 13 14 15 16 | 16.4
Earth Magic    | 1 2 3 4 5 6 7 8 9 11 12 13 14 15 16 | 16.4
Alchemy        | 1 2 3 4 5 6 7 8 9 11 12 13 14 15 16 | 16.4
Long Blades    | 3 4 5 6 7 8 9 10 11 12 13 14 15 | 15.5
Evocations     | 1 2 3 4 5 6 7 9 10 | 10.0
Armour         | 2 3 4 5 6 7 8 9 10 11 12 13 14 15 16 | 16.5
Dodging        | 3 4 6 7 8 9 10 11 12 13 14 15 16 17 18 | 18.0
Fighting       | 4 5 6 7 8 9 10 11 12 13 14 15 16 | 16.8
Shields        | 3 5 7 8 9 10 11 12 | 12.8

Action                     |  1- 3 |  4- 6 |  7- 9 | 10-12 | 13-15 | 16-18 | 19-21 | 22-24 || total
---------------------------+-------+-------+-------+-------+-------+-------+-------+-------++-------
  Melee: Falchion          |   108 |    73 |   186 |   678 |   121 |       |       |       ||  1166
         Headbutt          |       |       |    37 |   205 |   359 |   364 |   335 |   330 ||  1630
         Long sword        |       |       |       |       |  1070 |   475 |       |       ||  1545
         Double sword      |       |       |       |       |       |   686 |  1102 |   897 ||  2685
   Cast: Jinxbite          |       |       |     1 |     1 |       |       |       |       ||     2
         Petrify           |       |       |       |     1 |     1 |     1 |       |       ||     3
         Irradiate         |       |       |       |       |    21 |    17 |    15 |    12 ||    65
         Call Canine Famil |       |       |       |       |     5 |     4 |       |       ||     9
         Yara's Violent Un |       |       |       |       |       |       |     1 |       ||     1
Ability: Evoke Invisibilit |       |       |       |       |       |     1 |       |       ||     1
  Evoke: Wand              |       |       |       |     1 |     3 |       |     3 |       ||     7
         Condenser vane    |       |       |       |       |       |       |     1 |     1 ||     2
    Use: Scroll            |     1 |       |     7 |     7 |     5 |    14 |    10 |     5 ||    49
         Potion            |       |       |       |       |       |       |     1 |     7 ||     8
   Stab: Sleeping          |     1 |     3 |    18 |    15 |    17 |    36 |    29 |    17 ||   136
         Distracted        |       |     1 |       |     2 |     3 |     5 |     8 |     3 ||    22
         Confused          |       |       |     2 |     5 |     3 |     5 |     9 |     7 ||    31
         Paralysed         |       |       |       |     1 |     2 |       |       |     2 ||     5
         Invisible         |       |       |       |     4 |     4 |     5 |     2 |    12 ||    27
         Petrified         |       |       |       |       |    10 |     7 |       |     3 ||    20
         Petrifying        |       |       |       |       |     2 |     1 |       |     2 ||     5
         Held in net/web   |       |       |       |       |       |       |     1 |       ||     1
 Armour: Leather armour    |    58 |    28 |    70 |   268 |   470 |       |       |       ||   894
         Ice dragon scales |       |       |       |       |    38 |   520 |   494 |       ||  1052
         Skin              |       |       |       |       |       |     5 |       |       ||     5
         Troll leather arm |       |       |       |       |       |       |       |   246 ||   246
  Dodge: Dodged            |    61 |    25 |    87 |   506 |  1075 |   822 |   572 |   599 ||  3747
  Block: Buckler           |    20 |    32 |   114 |   379 |   772 |   434 |       |       ||  1751
         Reflection        |     1 |       |     5 |     4 |     1 |    49 |    81 |    49 ||   190
         Kite shield       |       |       |       |       |       |   343 |   962 |   864 ||  2169

Table legend: (Time is in decaauts)
 A = Elapsed time spent in this place.
 B = Non-inter-level travel time spent in this place.
 C = Inter-level travel time spent in this place.
 D = Time resting spent in this place.
 E = Time spent auto-exploring this place.
 F = Levels seen in this place.
 G = Mean time per level.
                   A        B        C        D        E       F      G
               +--------+--------+--------+--------+--------+-----+--------+
         Total |  49567 |  47406 |   2161 |  10920 |  26065 |  42 | 1180.2 |
       Dungeon |  21992 |  21167 |    825 |   8828 |   9412 |  15 | 1466.1 |
          Lair |   6233 |   5859 |    374 |    272 |   4029 |   5 | 1246.6 |
        Shoals |   3812 |   3633 |    179 |    170 |   2432 |   4 |  953.0 |
     Snake Pit |   3637 |   3409 |    228 |    277 |   2249 |   4 |  909.2 |
  Orcish Mines |   1919 |   1677 |    242 |     86 |   1027 |   2 |  959.5 |
   Elven Halls |   4251 |   4080 |    171 |    279 |   2685 |   3 | 1417.0 |
        Vaults |   5214 |   5074 |    140 |    412 |   3185 |   5 | 1042.8 |
        Bazaar |    138 |    138 |      0 |      0 |     83 |   1 |  138.0 |
      Ice Cave |    330 |    330 |      0 |     31 |    122 |   1 |  330.0 |
        Wizlab |   1361 |   1361 |      0 |    346 |    656 |   1 | 1361.0 |
      Gauntlet |    677 |    677 |      0 |    219 |    184 |   1 |  677.0 |
               +--------+--------+--------+--------+--------+-----+--------+

Top non-repeatable levels by time:
     D:1: 8225 daAuts
   Elf:2: 1550 daAuts
   Elf:3: 1534 daAuts
Vaults:1: 1513 daAuts
     D:2: 1508 daAuts
  Lair:1: 1493 daAuts
   Orc:2: 1464 daAuts
  Lair:2: 1460 daAuts
  Lair:5: 1376 daAuts
Vaults:2: 1365 daAuts
  WizLab: 1361 daAuts
    D:11: 1327 daAuts
     D:5: 1283 daAuts
Shoals:4: 1274 daAuts
    D:14: 1167 daAuts
